 Dungeon Crawl Stone Soup version 0.20.0-8-g6b59dc7 (webtiles) character file.

441 Locuples the Skirmisher (level 6, 0/51 HPs)
             Began as a Demonspawn Berserker on June 1, 2017.
             Was a Believer of Trog.
             Slain by an ogre
             ... wielding a +0 giant club
              (14 damage)
             ... on level 5 of the Dungeon.
             The game lasted 00:10:36 (3307 turns).

Locuples the Skirmisher (Demonspawn Berserker)      Turns: 3307, Time: 00:10:37

Health: 0/51       AC:  8    Str: 19    XL:     6   Next: 71%
Magic:  0/5        EV: 10    Int:  8    God:    Trog [**....]
Gold:   195        SH:  2    Dex: 13    Spells: 5/5 levels left

rFire    . . .     SeeInvis +   a - +0 hand axe
rCold    . . .     Gourm    .   q - -1 buckler (curse)
rNeg     . . .     Faith    .   o - +0 scale mail
rPois    .         Spirit   +   (helmet restricted)
rElec    .         Reflect  .   (no cloak)
rCorr    .         Harm     .   (no gloves)
MR       .....                  r - +0 pair of boots
Stlth    ..........             (no amulet)
Regen    0.2/turn               u - ring of see invisible
MPRegen  0.1/turn               (no ring)

@: no status effects
A: antennae 1, claws 2, hooves 1, low mp 1, magic shield
a: Berserk, Trog's Hand, Burn Spellbooks, Renounce Religion


You were on level 5 of the Dungeon.
You worshipped Trog.
Trog was pleased with you.
You were not hungry.

You visited 1 branch of the dungeon, and saw 5 of its levels.

You collected 195 gold pieces.

Inventory:

Hand Weapons
 a - a +0 hand axe (weapon)
Armour
 i - a +0 helmet
 o - a +0 scale mail (worn)
 q - a cursed -1 buckler (worn)
 r - a +0 pair of boots (worn)
Jewellery
 u - a ring of see invisible (left claw)
Scrolls
 b - 2 scrolls of teleportation {unknown}
 d - a scroll of immolation {unknown}
 e - a scroll of fear {unknown}
 h - 2 scrolls of recharging {unknown}
 n - a scroll of fog {unknown}
 p - 5 scrolls of identify {unknown}
 v - a scroll of remove curse
Potions
 g - a potion of agility {unknown}
 j - 3 potions of curing
 l - a potion of degeneration {unknown}
 m - a potion of magic {unknown}
 t - a potion of lignification {unknown}
 w - a potion of cancellation {unknown}
Comestibles
 c - 5 bread rations
 f - 6 meat rations
 s - 2 royal jellies
 x - 2 chunks of flesh


   Skills:
 * Level 5.3 Fighting
 + Level 4.6 Axes
 + Level 3.3 Armour
 + Level 2.1 Dodging


You had 5 spell levels left.
You didn't know any spells.

Dungeon Overview and Level Annotations

Branches:
Dungeon (5/15)
 Temple: D:4-7

Altars:
Ashenzari

Annotations:
D:5 Eustachio


Innate Abilities, Weirdness & Mutations

You have a pair of small antennae on your head.
You have very sharp fingernails.
When hurt, damage is shared between your health and your magic reserves.
You have large cloven feet.
Your magical capacity is low. (-10% MP)


Message History

The ogre shouts!
The crimson imp blinks!
Okay, then.
It was a potion of mutation.
You feel extremely strange.
You feel robust.
Your vision sharpens.
You shed all your fur.
You feel stronger.
You feel less energetic.
You feel clever.
You feel extremely strange.
You feel weaker.
You feel stupid.
You feel more energetic.
You feel resistant to hostile enchantments.
You feel less resistant to hostile enchantments.
You feel less energetic.
Your feet thicken and deform.
The crimson imp blinks!
It was a potion of curing.
You feel better.
You barely miss the ogre. The ogre hits you with a giant club!
* * * LOW HITPOINT WARNING * * *
The crimson imp blinks!
You hit the ogre.
The ogre is lightly wounded.
The crimson imp blinks!
The ogre hits you with a giant club!
You die...

#.............##............
#.....†.......##............
#..........................)
....?.#.....................
###.###....................
#+###.......##...........
#......§.....+............
#...$........#######+#....
#.....§...@..# ....
.........O..## ##
....?.......# ............#
............# ..........#
.........# ....######


You could see an ogre.

Vanquished Creatures
  A sky beast (D:5)
  A howler monkey (D:4)
  A bullfrog skeleton (D:4)
  An iguana (D:5)
  4 worker ants
  A worker ant zombie (D:5)
  4 gnolls (D:4)
  6 adders
  An ooze (D:2)
  A worm (D:5)
  A dart slug (D:4)
  2 leopard geckos
  2 orcs
  A ball python (D:1)
  5 giant cockroaches
  2 goblins
  4 hobgoblins
  4 jackals (D:3)
  2 quokkas (D:2)
  4 bats
  2 frilled lizards
  7 kobolds
  A leopard gecko skeleton (D:4)
  5 rats
63 creatures vanquished.

Notes
Turn   | Place    | Note
-------+----------+-------------------------------------------
     0 | D:1      | Locuples the Demonspawn Berserker began the quest for the Orb.
     0 | D:1      | Reached XP level 1. HP: 18/18 MP: 1/1
   211 | D:1      | Found a shattered altar of Ashenzari.
   345 | D:1      | Gained mutation: You have sharp fingernails. [demonic ancestry]
   345 | D:1      | Reached XP level 2. HP: 17/24 MP: 2/2
  1131 | D:2      | Reached XP level 3. HP: 30/30 MP: 3/3
  1251 | D:2      | Reached ** piety under Trog
  1251 | D:2      | Reached skill level 4 in Fighting
  1869 | D:3      | Gained mutation: When hurt, damage is shared between your health and your magic reserves. [demonic ancestry]
  1869 | D:3      | Reached XP level 4. HP: 37/37 MP: 4/4
  2575 | D:4      | Gained mutation: You have a pair of small antennae on your head. [demonic ancestry]
  2575 | D:4      | Reached XP level 5. HP: 43/43 MP: 5/5
  2734 | D:4      | Reached skill level 5 in Fighting
  2734 | D:4      | Gained mutation: You have very sharp fingernails. [demonic ancestry]
  2734 | D:4      | Reached XP level 6. HP: 34/51 MP: 6/6
  3023 | D:5      | Entered Level 5 of the Dungeon
  3042 | D:5      | Noticed Eustachio
  3116 | D:5      | Noticed a sky beast
  3129 | D:5      | Killed a sky beast
  3135 | D:5      | Gained mutation: Scrolls take you a little longer to read. [mutagenic meat]
  3136 | D:5      | Gained mutation: You are frail. (-10% HP) [mutagenic meat]
  3137 | D:5      | Gained mutation: You are covered in fur. (AC +1) [mutagenic meat]
  3303 | D:5      | Lost mutation: You are frail. (-10% HP) [potion of mutation]
  3303 | D:5      | Lost mutation: Scrolls take you a little longer to read. [potion of mutation]
  3303 | D:5      | Lost mutation: You are covered in fur. (AC +1) [potion of mutation]
  3303 | D:5      | Gained mutation: Your muscles are strong. (Str +2) [potion of mutation]
  3303 | D:5      | Gained mutation: Your magical capacity is low. (-10% MP) [potion of mutation]
  3303 | D:5      | Gained mutation: Your mind is acute. (Int +2) [potion of mutation]
  3304 | D:5      | Lost mutation: Your muscles are strong. (Str +2) [potion of mutation]
  3304 | D:5      | Lost mutation: Your mind is acute. (Int +2) [potion of mutation]
  3304 | D:5      | Lost mutation: Your magical capacity is low. (-10% MP) [potion of mutation]
  3304 | D:5      | Gained mutation: You are resistant to hostile enchantments. (MR+) [potion of mutation]
  3304 | D:5      | Lost mutation: You are resistant to hostile enchantments. (MR+) [potion of mutation]
  3304 | D:5      | Gained mutation: Your magical capacity is low. (-10% MP) [potion of mutation]
  3304 | D:5      | Gained mutation: You have large cloven feet. [potion of mutation]
  3307 | D:5      | Slain by an ogre

Skill      XL: |  1  2  3  4  5  6 |
---------------+-------------------+-----
Axes           | 3 4 |  4.6
Fighting       | 4 5 |  5.3
Armour         | 2 3 |  3.3
Dodging        | 2 |  2.1

Action                   |  1- 3 |  4- 6 || total
-------------------------+-------+-------++-------
Melee: Hand axe          |   142 |   200 ||   342
Invok: Berserk           |       |     2 ||     2
  Use: Scroll            |     2 |       ||     2
       Potion            |       |     3 ||     3
 Stab: Sleeping          |     1 |       ||     1
  Eat: Chunk             |     3 |    10 ||    13
Armor: Animal skin       |    21 |       ||    21
       Scale mail        |    26 |    99 ||   125
Dodge: Dodged            |   106 |   118 ||   224
Block: Buckler           |       |     9 ||     9
